 Dungeon Crawl Stone Soup version bcrawl-1.36.4 (webtiles) character file.

Game seed: 10890760507175241329

177068 Darthill6464 the Sneak (level 6, -1/35 HPs)
             Began as a Vine Stalker Archaeologist on Aug 9, 2022.
             Slain by an ogre
             ... wielding a +0 giant club
              (25 damage)
             ... on level 3 of the Dungeon.
             The game lasted 00:03:55 (2458 turns).

Darthill6464 the Sneak (Vine Stalker Archaeologist) Turns: 2458, Time: 00:03:55

Health: -1/35      AC:  7    Str: 18    XL:     6   Next: 4%
Magic:  7/7        EV: 14    Int: 14    God:
Gold:   180        SH:  0    Dex: 13    Spells: 5/5 levels left

rFire    + . .     SeeInvis .   w - +0 great sword
rCold    . . .     Gourm    .   (shield currently unavailable)
rNeg     + . .     Faith    .   t - +1 animal skin
rPois    .         Spirit   .   d - +1 hat
rElec    .         Reflect  .   n - +0 cloak
rCorr    .                      (no gloves)
MR       .....                  l - +1 pair of boots
Stlth    +++.......             (no amulet)
HPRegen  0.51/turn              h - ring "Owogeovu" {rF+ rN+ Str+3}
MPRegen  0.10/turn              (no ring)

@: no status effects
A: fangs 3, regeneration 1, no potion heal 3, rot immunity, strong jaws
a: no special abilities


You were on level 3 of the Dungeon.
You were hungry.

You visited 1 branch of the dungeon, and saw 3 of its levels.

You collected 180 gold pieces.

Inventory:

Hand Weapons
 b - a +0 blowgun
 s - a +1 dagger of holy wrath
 w - a +0 great sword (weapon)
Missiles
 f - 6 curare-tipped needles
Armour
 c - a +1 robe
 d - a +1 hat (worn)
 l - a +1 pair of boots (worn)
 n - a +0 cloak (worn)
 t - a +1 animal skin (worn)
Jewellery
 h - the ring "Owogeovu" (left hand) {rF+ rN+ Str+3}
   (You acquired it on level 2 of the Dungeon)

   [ring of protection from fire]

   It affects your strength (+3).
   It protects you from fire.
   It protects you from negative energy.
Scrolls
 a - 2 scrolls of remove curse {unknown}
 g - 3 scrolls of magic mapping
 i - 4 scrolls of identify
 j - a scroll of enchant weapon {unknown}
 p - 3 scrolls of teleportation {unknown}
 r - a scroll of blinking {unknown}
Potions
 k - a potion of flight {unknown}
 m - a potion of lignification {unknown}
 o - 2 potions of mutation {unknown}
 q - a potion of agility {unknown}
 u - a potion of might
 v - a potion of brilliance {unknown}
Comestibles
 e - 4 rations {!d}


   Skills:
 + Level 2.0 Fighting
 + Level 2.6(2.7) Short Blades
 + Level 0.6(1.7) Long Blades
   Level 0.8 Maces & Flails
 + Level 4.7 Dodging
 + Level 5.9 Stealth


You had 5 spell levels left.
You didn't know any spells.
Your spell library was empty.

Dungeon Overview and Level Annotations

Branches:
Dungeon (3/12)

Altars:


Innate Abilities, Weirdness & Mutations

You have razor-sharp teeth.
Your natural rate of healing is unusually fast.
Potions cannot restore your health.
You are immune to rotting.
Your bites deal extra damage.


Message History

The shadow imp is heavily wounded.
The gnoll hits you but does no damage. The shadow imp barely misses you.
The ogre barely misses you.
The gnoll hits you from afar with a +0 spear!
The shadow imp barely misses you. The gnoll hits you but does no damage.
You closely miss the shadow imp.
The gnoll shouts!
You bite the shadow imp.
The shadow imp is severely wounded.
The ogre barely misses you. The gnoll closely misses you.
The shadow imp gestures at you. Pain shoots through your body!
The gnoll barely misses you.
The gnoll hits you from afar with a +0 spear.
The ogre closely misses you.
You slash the shadow imp!
You kill the shadow imp!
The gnoll closely misses you. The gnoll barely misses you.
The ogre hits you with a +0 giant club!!
Ouch! That really hurt!
You die...

.g .......... g..
#......... ....### ...
+.......># #.... ....
#.....g... #....
#........# #.........
#.... .#+#........#
#...g..... #....
............###(g...#
#....
................@O..#
#....
...................#
#....
.............####.....
#.... #+# #.........#
.... #....
#.###.........# ...
#.... #.............#
.. #....
#.............# .
#...# #.............#
#...# #.###.........#
#...#


You could see an ogre and 3 gnolls.

Vanquished Creatures
  A phantom (D:3)
  Terence (D:2)
  A worker ant (D:2)
  Robin (D:2)
  An adder (D:2)
  A shadow imp (D:3)
  2 worms (D:2)
  3 dart slugs
  2 leopard geckos
  An orc (D:2)
  A giant cockroach (D:2)
  9 goblins
  12 hobgoblins
  4 jackals (D:1)
  A quokka (D:1)
  A ball python (D:1)
  5 bats
  7 frilled lizards
  7 kobolds
  4 rats
65 creatures vanquished.

Notes
Turn   | Place    | Note
-------+----------+-------------------------------------------
     0 | D:1      | Darthill6464 the Vine Stalker Archaeologist began the quest
                  | for the Orb.
     0 | D:1      | Reached XP level 1. HP: 11/11 MP: 2/2
    89 | D:1      | Reached skill level 1 in Fighting
   135 | D:1      | Reached XP level 2. HP: 16/16 MP: 3/3
   254 | D:1      | Reached skill level 5 in Stealth
   373 | D:1      | Reached XP level 3. HP: 20/20 MP: 4/4
   511 | D:1      | Reached skill level 1 in Short Blades
  1254 | D:2      | Reached XP level 4. HP: 24/25 MP: 5/5
  1403 | D:2      | Noticed Robin
  1427 | D:2      | Killed Robin
  1594 | D:2      | Noticed Terence
  1652 | D:2      | Killed Terence
  1653 | D:2      | Reached XP level 5. HP: 19/29 MP: 6/6
  1653 | D:2      | Identified a scroll of acquirement
  1655 | D:2      | Identified the ring "Owogeovu" {rF+ rN+ Str+3} (You
                  | acquired it on level 2 of the Dungeon)
  2361 | D:3      | Noticed a phantom
  2414 | D:3      | Killed a phantom
  2415 | D:3      | Gained mutation: You have razor-sharp teeth. [Vine Stalker
                  | growth]
  2415 | D:3      | Reached XP level 6. HP: 32/35 MP: 7/7
  2458 | D:3      | Slain by an ogre

Skill      XL: |  1  2  3  4  5 |
---------------+----------------+-----
Fighting       | 1 2 |  2.0
Stealth        | 5 |  5.9
Short Blades   | 1 2 |  2.6
Dodging        | 4 |  4.7
Long Blades    | |  0.6
Maces & Flails | |  0.8

Action                   |  1- 3 |  4- 6 || total
-------------------------+-------+-------++-------
Melee: Dagger            |   167 |   132 ||   299
       Whip              |     6 |       ||     6
       Bite              |    21 |    21 ||    42
       Great sword       |       |    30 ||    30
  Use: Scroll            |       |     1 ||     1
 Stab: Sleeping          |    11 |     1 ||    12
  Eat: Chunk             |     5 |     8 ||    13
Armor: Robe              |    59 |    10 ||    69
       Animal skin       |       |    24 ||    24
Dodge: Dodged            |   137 |    97 ||   234
